 Dungeon Crawl Stone Soup version 0.24.0-37-gcf1ca852f1 (webtiles) character file.

Game seed: 14817216837319960584, levelgen mode: deterministic

173 PentaManta the Slasher (level 5, -2/36 HPs)
             Began as an Octopode Fighter on Dec 5, 2019.
             Slain by a centaur zombie (6 damage)
             ... in an ossuary.
             The game lasted 00:08:35 (3306 turns).

PentaManta the Slasher (Octopode Fighter)           Turns: 3306, Time: 00:08:36

Health: -2/36      AC:  1    Str: 15    XL:     5   Next: 53%
Magic:  5/5        EV: 12    Int: 10    God:
Gold:   107        SH:  8    Dex: 13    Spells: 4/4 levels left

rFire    . . .     SeeInvis .   g - +2 dagger (drain)
rCold    . . .     Gourm    .   b - +0 shield
rNeg     . . .     Faith    .   (helmet restricted)
rPois    .         Spirit   .   (no amulet)
rElec    .         Reflect  .   h - ring of stealth
rCorr    .         Harm     .   (no ring)
MR       .....                  (no ring)
Stlth    +++.......             (no ring)
HPRegen  0.12/turn              (no ring)
MPRegen  0.09/turn              (no ring)
                                (no ring)
                                (no ring)

@: no status effects
A: almost no armour, stealthy swim, amphibious, 8 rings, constrict 8, camouflage
1, gelatinous body 1
a: no special abilities


You were in an ossuary.
You were very hungry.

You visited 1 branch of the dungeon, and saw 5 of its levels.
You also visited: Ossuary.

You collected 107 gold pieces.

Inventory:

Hand Weapons
 a - a +0 long sword
 g - a +2 dagger of draining (weapon)
Missiles
 l - 14 poisoned darts (quivered)
Armour
 b - a +0 shield (worn)
Jewellery
 h - a ring of stealth (left tentacle)
Scrolls
 e - 3 scrolls of remove curse
 j - a scroll of fear
 k - a scroll of identify
Potions
 c - 2 potions of might
 f - 2 potions of curing {unknown}
 i - a potion of agility
Comestibles
 d - 6 rations


   Skills:
 - Level 3.0 Fighting
 + Level 5.6 Long Blades
 - Level 3.0 Dodging
 - Level 3.0 Shields


You had 4 spell levels left.
You didn't know any spells.
Your spell library contained the following spells:

 Spells                   Type           Power        Failure   Level  Hunger
 Corona                   Hex            #......      87%         1    ##.....
 Slow                     Hex            #.......     95%         2    ###....
 Inner Flame              Hex/Fire       #.......     99%         3    ####...
 Portal Projectile        Hex/Tloc       #.....       99%         3    ####...
 Cause Fear               Hex            #.........   100%        4    #####..
 Leda's Liquefaction      Hex/Erth       #.........   100%        4    #####..


Dungeon Overview and Level Annotations

Branches:
Dungeon (5/15)            Ossuary (1/1)
 Temple: D:4-7

Altars:
Dithmenos
Okawaru


Innate Abilities, Weirdness & Mutations

You cannot wear most types of armour.
You are very stealthy in the water. (Stealth+)
You are amphibious.
You can wear up to eight rings at the same time.
You can use your tentacles to constrict eight enemies at once.
Your skin changes colour to match your surroundings (Stealth+).
Your rubbery body absorbs attacks. (AC +1, EV +1)


Message History

* * * LOW HITPOINT WARNING * * *
You hit the centaur zombie.
The centaur zombie is moderately damaged.
The centaur zombie completely misses you.
You hit the centaur zombie but do no damage.
The centaur zombie is moderately damaged.
You block the centaur zombie's attack. You block the centaur zombie's attack.
The centaur zombie hits you.
* * * LOW HITPOINT WARNING * * *
You hit the centaur zombie. You squeeze the centaur zombie!
The centaur zombie is severely damaged.
You block the centaur zombie's attack.
You hit the centaur zombie.
The centaur zombie is almost destroyed.
The centaur zombie barely misses you.
You hit the centaur zombie.
The centaur zombie is almost destroyed.
The centaur zombie hits you.
You die...

.. ###......#
.........#
.........#
###......#
####...# ##..#
#..# ##..#
####@..#
.########..Z...#
...............#
...............#
################


You could see a centaur zombie.

Vanquished Creatures
  A human zombie (Ossuary)
  An orc wizard (D:3)
  A hound zombie (Ossuary)
  A gnoll (D:3)
  An adder (D:2)
  2 worms
  A dart slug (D:2)
  4 leopard geckos
  4 orcs
  6 bats
  2 giant cockroaches
  6 goblins
  7 hobgoblins
  4 jackals (D:3)
  A quokka (D:5)
  A ball python (D:3)
  6 frilled lizards
  A gnoll zombie (Ossuary)
  A goblin zombie (Ossuary)
  2 hobgoblin zombies (Ossuary)
  A jackal zombie (Ossuary)
  6 kobolds
  3 kobold zombies (Ossuary)
  2 quokka zombies (Ossuary)
  4 rats
69 creatures vanquished.

Notes
Turn   | Place    | Note
-------+----------+-------------------------------------------
     0 | D:1      | PentaManta the Octopode Fighter began the quest for the
                  | Orb.
     0 | D:1      | Reached XP level 1. HP: 16/16 MP: 1/1
   601 | D:1      | Reached XP level 2. HP: 21/21 MP: 2/2
   727 | D:1      | HP: 1/21 [worm (8)]
   728 | D:1      | Reached skill level 3 in Long Blades
  1159 | D:2      | Reached XP level 3. HP: 20/26 MP: 3/3
  1530 | D:2      | Found a shadowy altar of Dithmenos.
  1717 | D:3      | Reached skill level 4 in Long Blades
  1717 | D:3      | Reached XP level 4. HP: 31/31 MP: 4/4
  2275 | D:3      | Found an iron altar of Okawaru.
  2832 | D:3      | Reached skill level 5 in Long Blades
  2946 | D:4      | Reached XP level 5. HP: 36/36 MP: 5/5
  3004 | D:5      | Entered Level 5 of the Dungeon
  3092 | D:5      | Found a sand-covered staircase.
  3097 | Ossuary  | Entered an ossuary
  3306 | Ossuary  | Slain by a centaur zombie

Levels and vault maps discovered:
D:1:      mushboom_english_gardens, layout_basic
D:2:      layout_rooms, grunt_dithmenos_smoke
D:3:      layout_basic, okawaru_altar_gauntlet_db, first_ration
D:4:      layout_basic, kennysheep_mini
D:5:      layout_cave_pools, enter_ossuary_2, fedhas_altar_3
Ossuary:  minmay_ossuary_two_tombs

Skill      XL: |  1  2  3  4 |
---------------+-------------+-----
Long Blades    | 3 4 5 |  5.6
Fighting       | |  3.0
Dodging        | |  3.0
Shields        | |  3.0

Action                   |  1- 3 |  4- 6 || total
-------------------------+-------+-------++-------
Melee: Short sword       |    25 |       ||    25
       Long sword        |     3 |       ||     3
       Constrict         |    14 |    27 ||    41
       Tentacles         |     9 |    22 ||    31
       Dagger            |    36 |   103 ||   139
Throw: Dart              |     5 |       ||     5
  Use: Scroll            |     4 |     2 ||     6
       Potion            |     3 |       ||     3
 Stab: Sleeping          |     6 |     3 ||     9
  Eat: Chunk             |     2 |     4 ||     6
Armor: Skin              |     7 |     4 ||    11
Dodge: Dodged            |    25 |    37 ||    62
Block: Shield            |    29 |    46 ||    75
